 Dungeon Crawl Stone Soup version 0.17.1-1-g73c8601 (webtiles) character file.

5784 Herrn the Cleaver (level 10, -4/92 HPs)
             Began as a Naga Fighter on Jan 4, 2016.
             Was an Elder of Okawaru.
             Slain by a troll (8 damage)
             ... on level 9 of the Dungeon.
             The game lasted 00:22:08 (9221 turns).

Herrn the Cleaver (Naga Fighter)                    Turns: 9221, Time: 00:22:08

Health: -4/92      AC: 16    Str: 20    XL:     10   Next: 78%
Magic:  13/13      EV:  9    Int: 15    God:    Okawaru [****..]
Gold:   582        SH: 12    Dex: 10    Spells: 0 memorised, 9 levels left

rFire  + . .     SeeInvis +     a - +0 war axe
rCold  . . .     Clarity  .     F - +2 chain mail of Qushru {Str+2}
rNeg   . . .     SustAt   .     c - +0 shield
rPois  +         Gourm    .     (no helmet)
rElec  .         Spirit   .     B - +0 cloak
rCorr  +         Warding  .     C - +0 pair of gloves
rMut   .         Stasis   .     (no barding)
MR     +....                    m - amulet of resist corrosion
Stlth  ..........               n - ring of protection from fire
                                d - +2 ring of intelligence

@: heroism, very slow, somewhat resistant to hostile enchantments, extremely
unstealthy
A: see invisible, deformed body, poison resistance, slowness 2, slow metabolism
1, spit poison 2, AC +3
a: Spit Poison, Heroism, Renounce Religion


You were on level 9 of the Dungeon.
You worshipped Okawaru.
Okawaru was greatly pleased with you.
You were not hungry.

You visited 2 branches of the dungeon, and saw 10 of its levels.

You collected 582 gold pieces.

Inventory:

Hand Weapons
 a - a +0 war axe (weapon)
 b - a +1 flail of holy wrath
 H - a +0 morningstar
Armour
 c - a +0 shield (worn)
 B - a +0 cloak (worn)
 C - a +0 pair of gloves (worn)
 F - the +2 chain mail of Qushru (worn) {Str+2}
   (You found it on level 6 of the Dungeon)

   It affects your strength (+2).
Jewellery
 d - a +2 ring of intelligence (left hand)
 f - an uncursed ring of magical power
 m - an amulet of resist corrosion (around neck)
 n - a ring of protection from fire (right hand)
Wands
 q - a wand of slowing (23)
 y - a wand of digging (5)
 I - a wand of slowing (33)
 J - a wand of draining (7)
 K - a wand of cold (11)
Scrolls
 g - 2 scrolls of noise
 j - 2 scrolls of teleportation
 o - 2 scrolls of amnesia
 r - 4 scrolls of recharging
 s - 2 scrolls of fear
 z - 2 scrolls of random uselessness
 A - a scroll of magic mapping
 E - 2 scrolls of acquirement {unknown}
 O - a scroll of fog {unknown}
 P - 2 scrolls of identify
Potions
 h - 3 potions of lignification {unknown}
 i - 2 potions of degeneration {unknown}
 t - 2 potions of curing
 u - 2 potions of brilliance {unknown}
 v - a potion of poison {unknown}
 w - a potion of heal wounds {unknown}
 D - a potion of invisibility {unknown}
 L - a potion of haste {unknown}
Books
 M - a book of Debilitation

   Spells                             Type                      Level
   a - Corona                         Hexes                        1
   b - Slow                           Hexes                        2
   c - Gell's Gravitas                Hexes/Translocation          3
   d - Inner Flame                    Hexes/Fire                   3
   e - Cause Fear                     Hexes                        4
   f - Leda's Liquefaction            Hexes/Earth                  4
Comestibles
 e - 3 bread rations
 k - 2 beef jerkies
 l - 5 meat rations
 p - 5 chunks of flesh
 x - 7 fruits
 G - a royal jelly
 N - a slice of pizza


   Skills:
 + Level 6.4(11.4) Fighting
 * Level 9.1(14.1) Axes
 + Level 6.2(11.2) Armour
 + Level 4.5(9.5) Dodging
 + Level 5.8(10.8) Shields
 - Level 5.0 Invocations


You had 9 spell levels left.
You didn't know any spells.

Dungeon Overview and Level Annotations

Branches:
Dungeon (9/15)             Temple (1/1) D:4            Lair (0/8) D:9
    Orc: D:9-12

Altars:
Cheibriados
Dithmenos
Elyvilon
Fedhas
Gozag
Kikubaaqudgha
Makhleb
Nemelex Xobeh
Okawaru
Ru
Sif Muna
Trog
Vehumet
Xom
Yredelemnul
Zin
The Shining One

Shops:
D:7 }

Annotations:
D:9 Maurice


Innate Abilities, Weirdness & Mutations

You cannot wear boots.
Your serpentine skin is tough (AC +3).
You have supernaturally acute eyesight.
Armour fits poorly on your strangely shaped body.
Your system is resistant to poisons.
You cover ground very slowly.
You have a slow metabolism.
You can spit poison.


Message History

Maurice zaps a wand.
Nothing appears to happen.
The troll bites you.
* * * LOW HITPOINT WARNING * * *
The troll claws you but does no damage. The troll claws you.
* * * LOW HITPOINT WARNING * * *
Maurice casts a spell.
Maurice blinks!
The troll bites you but does no damage. The troll claws you!
* * * LOW HITPOINT WARNING * * *
The troll claws you but does no damage. The troll bites you but does no damage.
The troll completely misses you. The troll claws you but does no damage.
The troll completely misses you. The troll claws you but does no damage.
The troll claws you but does no damage.
You can move again.
Unknown command.
You slash the troll!
The troll is almost dead.
Maurice says, "Have you got some gold to spare?"
You block the troll's attack. The troll claws you!
You die...

#.....### #.......#
#'##.....#..
#.@.....##...#.....#..
#............#.....#..
#.......... #.....#..
#......... #.....#..
#.......######.....###
#..>.)T.##...#........
#....@..##...#........
#............##'###...
#............'....#...
#...........)#....#...
#.......[....#....#...
###################...
####


You could see Maurice (invisible) and a troll.

Vanquished Creatures
  An unseen horror (D:7)
  An elephant (D:9)
  2 two-headed ogres
  3 yaks (D:9)
  A water moccasin (D:8)
  Duvessa (D:6)
  3 ice beasts
  3 phantoms (D:8)
  2 sky beasts
  An eye of draining (D:8)
  2 crocodiles (D:9)
  4 ogres
  2 centaurs
  8 big kobolds
  5 giant frogs
  Dowan (D:6)
  2 scorpions
  4 killer bees (D:7)
  2 hounds
  4 jellies
  4 orc wizards
  5 wights (D:8)
  4 orc priests
  A crimson imp (D:6)
  Crazy Yiuf (D:6)
  2 iguanas
  A centaur skeleton (D:8)
  6 worker ants
  A hound zombie (D:9)
  A hound skeleton (D:9)
  11 gnolls
  10 adders
  A shadow imp (D:7)
  3 worms
  4 giant geckos
  23 orcs
  7 bats
  4 giant cockroaches
  8 hobgoblins
  6 jackals
  2 ball pythons
  A giant gecko skeleton (D:4)
  4 giant newts
  15 goblins
  2 jackal skeletons
  17 kobolds
  15 rats
  A plant (D:1)
212 creatures vanquished.

Notes
Turn   | Place    | Note
--------------------------------------------------------------
     0 | D:1      | Herrn the Naga Fighter began the quest for the Orb.
     0 | D:1      | Reached XP level 1. HP: 21/21 MP: 1/1
   259 | D:1      | Reached XP level 2. HP: 22/28 MP: 2/2
   698 | D:1      | Reached XP level 3. HP: 34/34 MP: 3/3
  1348 | D:2      | Reached XP level 4. HP: 28/42 MP: 4/4
  1858 | D:2      | Found a sacrificial altar of Ru.
  2366 | D:3      | Reached skill level 1 in Dodging
  2366 | D:3      | Reached XP level 5. HP: 27/49 MP: 5/5
  2894 | D:3      | Noticed an ogre
  3487 | D:3      | Reached XP level 6. HP: 46/57 MP: 6/6
  3490 | D:3      | Killed an ogre
  3586 | D:3      | Reached skill level 4 in Fighting
  3792 | D:4      | Found a staircase to the Ecumenical Temple.
  3800 | Temple   | Entered the Ecumenical Temple
  3887 | Temple   | Became a worshipper of Warmaster Okawaru
  4482 | D:5      | Entered Level 5 of the Dungeon
  4547 | D:5      | Reached skill level 1 in Invocations
  4547 | D:5      | Reached XP level 7. HP: 46/64 MP: 7/7
  5116 | D:6      | Noticed Crazy Yiuf
  5648 | D:6      | Noticed Dowan
  5649 | D:6      | Noticed Duvessa
  5662 | D:6      | Killed Duvessa
  5668 | D:6      | Killed Dowan
  5668 | D:6      | Reached XP level 8. HP: 38/72 MP: 10/10
  5826 | D:6      | Got a faintly humming chain mail
  5837 | D:6      | Identified the +2 chain mail of Qushru {Str+2} (You found it on level 6 of the Dungeon)
  5881 | D:6      | Killed Crazy Yiuf
  5881 | D:6      | Reached * piety under Okawaru
  6288 | D:7      | Noticed a two-headed ogre
  6303 | D:7      | Killed a two-headed ogre
  6303 | D:7      | Reached skill level 5 in Axes
  6318 | D:7      | Found Bekhlemig's Gadget Boutique.
  6389 | D:7      | Reached ** piety under Okawaru
  6828 | D:7      | Reached skill level 6 in Axes
  6828 | D:7      | Reached XP level 9. HP: 74/80 MP: 12/12
  6912 | D:7      | Noticed an unseen horror
  6983 | D:7      | Killed an unseen horror
  6983 | D:7      | Reached skill level 5 in Fighting
  6983 | D:7      | Reached skill level 5 in Armour
  7964 | D:8      | Reached skill level 5 in Invocations
  7995 | D:8      | Reached skill level 7 in Axes
  8026 | D:8      | Reached *** piety under Okawaru
  8026 | D:8      | Reached skill level 5 in Shields
  8390 | D:8      | Got a jewelled helmet
  8396 | D:8      | Identified the cursed -4 helmet of Mezcal {rElec MP+9} (You found it on level 8 of the Dungeon)
  8479 | D:8      | Reached XP level 10. HP: 81/88 MP: 1/13
  8522 | D:8      | Found a shimmering altar of Xom.
  8785 | D:8      | Reached skill level 8 in Axes
  8974 | D:9      | Noticed an elephant
  8990 | D:9      | Killed an elephant
  9001 | D:9      | Found a staircase to the Lair.
  9169 | D:9      | Reached **** piety under Okawaru
  9183 | D:9      | Reached skill level 9 in Axes
  9202 | D:9      | Noticed Maurice
  9206 | D:9      | Paralysed by Maurice for 2 turns
  9215 | D:9      | Paralysed by Maurice for 5 turns
  9218 | D:9      | HP: 3/92 [troll (8)]
  9221 | D:9      | Slain by a troll

Action                   |  1- 3 |  4- 6 |  7- 9 | 10-12 || total
-------------------------+-------+-------+-------+-------++-------
Melee: War axe           |   117 |   185 |   290 |   190 ||   782
Invok: Heroism           |       |       |     5 |     2 ||     7
 Abil: Spit Poison       |    14 |    43 |    48 |    10 ||   115
  Use: Potion            |       |     1 |     4 |       ||     5
       Scroll            |       |       |     9 |       ||     9
  Eat: Chunk             |     2 |     5 |     9 |     5 ||    21
       Bread ration      |       |     1 |       |       ||     1
       Fruit             |       |       |     5 |       ||     5
